| TOP OF THE 1ST |
|
Columbia Fireflies batting - Pitching for Harrisburg Senators : RHP Jason Beck
|
|
Pitching: RHP Jason Beck
|
|
|
Batting: RHB Zhao-ying Joe
|
0-0: Swinging Strike 0-1: Foul Ball, location: 2F 0-2: Reached on error, E4 (Groundball, 4M, EV 82.5 MPH)
|
|
Batting: SHB Callum Lynch
|
0-0: Called Strike 0-1: Ball 1-1: TRIPLE (Flyball, 8RXD, EV 95.0 MPH) Zhao-ying Joe scores
|
|
Batting: LHB Bayesa Mundhir
|
0-0: Fly out, F4 (Line Drive, 4M, EV 65.6 MPH)
|
|
Batting: SHB Justin Wallace
|
0-0: Ground out 4-3 (Groundball, 4, EV 86.2 MPH) Callum Lynch scores
|
|
Batting: LHB Tony Leyba
|
0-0: Foul Ball, location: 2F 0-1: Ball 1-1: Called Strike 1-2: Ball 2-2: Foul Ball, location: 2F 2-2: Foul Ball, location: 2F 2-2: Strikes out swinging
|
| Top of the 1st over - 2 runs, 1 hit, 1 error, 0 left on base; Columbia 2 - Harrisburg 0 |
| BOTTOM OF THE 1ST |
|
Harrisburg Senators batting - Pitching for Columbia Fireflies : RHP Richard Pye
|
|
Pitching: RHP Richard Pye
|
|
|
Batting: SHB Dan Castaneda
|
0-0: Swinging Strike 0-1: Foul Ball, location: 2F 0-2: Ball 1-2: Ball 2-2: Ball 3-2: Ground out 4-3 (Groundball, 4, EV 84.4 MPH)
|
|
Batting: RHB Pat Drader
|
0-0: Ball 1-0: Ball 2-0: Ground out 5-3 (Groundball, 56, EV 82.5 MPH)
|
|
Batting: RHB Hisayuki Akiyama
|
0-0: Foul Ball, location: 2F 0-1: Swinging Strike 0-2: Foul Ball, location: 2F 0-2: Ball 1-2: Strikes out swinging
|
| Bottom of the 1st over - 0 runs, 0 hits, 0 errors, 0 left on base; Columbia 2 - Harrisburg 0 |
| TOP OF THE 2ND |
|
Columbia Fireflies batting - Pitching for Harrisburg Senators : RHP Jason Beck
|
|
Batting: RHB Artyom Shavkunov
|
0-0: Ground out 4-3 (Groundball, 4S, EV 66.2 MPH)
|
|
Batting: RHB Jake Geib
|
0-0: Ball 1-0: Fly out, F7 (Line Drive, 78M, EV 91.9 MPH)
|
|
Batting: RHB Dan Muse
|
0-0: Called Strike 0-1: Ball 1-1: Ball 2-1: Swinging Strike 2-2: Strikes out swinging
|
| Top of the 2nd over - 0 runs, 0 hits, 0 errors, 0 left on base; Columbia 2 - Harrisburg 0 |
| BOTTOM OF THE 2ND |
|
Harrisburg Senators batting - Pitching for Columbia Fireflies : RHP Richard Pye
|
|
Batting: LHB Evan Oliveri
|
0-0: Ball 1-0: Ball 2-0: Ball 3-0: Called Strike 3-1: Called Strike 3-2: Strikes out swinging
|
|
Batting: RHB Slavik Nebrodov
|
0-0: Ball 1-0: Called Strike 1-1: Ball 2-1: Swinging Strike 2-2: Foul Ball, location: 2F 2-2: Ball 3-2: Fly out, F9 (Flyball, 89S, EV 90.0 MPH)
|
|
Batting: RHB Donovan Auclair
|
0-0: Ball 1-0: Ball 2-0: Called Strike 2-1: Ball 3-1: Swinging Strike 3-2: Base on Balls
|
|
Batting: SHB Alex Ethridge
|
0-0: Foul Ball, location: 2F 0-1: Foul Ball, location: 2F 0-2: Strikes out swinging
|
| Bottom of the 2nd over - 0 runs, 0 hits, 0 errors, 1 left on base; Columbia 2 - Harrisburg 0 |
| TOP OF THE 3RD |
|
Columbia Fireflies batting - Pitching for Harrisburg Senators : RHP Jason Beck
|
|
Batting: RHB Frank Shaw
|
0-0: Called Strike 0-1: Ball 1-1: Ball 2-1: Called Strike 2-2: Foul Ball, location: 2F 2-2: SINGLE (Line Drive, 7LM, EV 105.6 MPH)
|
|
Batting: RHB Zhao-ying Joe
|
0-0: Called Strike 0-1: Fly out, F9 (Flyball, 9LM, EV 82.5 MPH)
|
|
Batting: SHB Callum Lynch
|
0-0: Foul Ball, location: 2F 0-1: Ball 1-1: DOUBLE (Line Drive, 7LM, EV 108.8 MPH) Frank Shaw to third
|
|
Batting: LHB Bayesa Mundhir
|
0-0: Ball 1-0: Ball 2-0: Swinging Strike 2-1: SINGLE (Flyball, 56D, EV 83.8 MPH) - OUT at second base trying to stretch hit. Frank Shaw scores Callum Lynch scores
|
|
Batting: SHB Justin Wallace
|
0-0: Ball 1-0: Swinging Strike 1-1: Ball 2-1: Foul Ball, location: 2F 2-2: Strikes out swinging
|
| Top of the 3rd over - 2 runs, 3 hits, 0 errors, 0 left on base; Columbia 4 - Harrisburg 0 |
| BOTTOM OF THE 3RD |
|
Harrisburg Senators batting - Pitching for Columbia Fireflies : RHP Richard Pye
|
|
Batting: LHB Nate Melendez
|
0-0: Ball 1-0: Ball 2-0: Ball 3-0: Called Strike 3-1: Base on Balls
|
|
Batting: RHB Jim Towle
|
0-0: Foul Ball, location: 2F 0-1: Ball 1-1: Fielders Choice at 2nd, 4-6 (Groundball, 34, EV 92.5 MPH)
|
|
Batting: SHB Dan Castaneda
|
0-0: SINGLE (Groundball, 6, EV 96.2 MPH) Jim Towle to second Jim Towle to third
|
|
Batting: RHB Pat Drader
|
0-0: Swinging Strike 0-1: Ball Dan Castaneda steals 2nd base 1-1: Ball 2-1: Ball Balk! Jim Towle scores Dan Castaneda to third 3-1: DOUBLE (Line Drive, 7LM, EV 106.2 MPH) Dan Castaneda scores
|
|
Batting: RHB Hisayuki Akiyama
|
0-0: Called Strike 0-1: Foul Ball, location: 2F 0-2: Ball 1-2: Ball 2-2: Ground out 6-3 (Groundball, 6M, EV 86.2 MPH) Pat Drader to third
|
|
Batting: LHB Evan Oliveri
|
0-0: Ball 1-0: Called Strike 1-1: Ball Wild Pitch! Pat Drader scores 2-1: Foul Ball, location: 2F 2-2: Ball 3-2: Foul Ball, location: 2F 3-2: Fly out, F6 (Popup, 56D, EV 69.4 MPH)
|
| Bottom of the 3rd over - 3 runs, 2 hits, 0 errors, 0 left on base; Columbia 4 - Harrisburg 3 |
| TOP OF THE 4TH |
|
Columbia Fireflies batting - Pitching for Harrisburg Senators : RHP Jason Beck
|
|
Batting: LHB Tony Leyba
|
0-0: Called Strike 0-1: Swinging Strike 0-2: Strikes out swinging
|
|
Batting: RHB Artyom Shavkunov
|
0-0: Called Strike 0-1: Ball 1-1: Ball 2-1: Ball 3-1: Foul Ball, location: 2F 3-2: Strikes out looking
|
|
Batting: RHB Jake Geib
|
0-0: Called Strike 0-1: Ball 1-1: Ball 2-1: Called Strike 2-2: Ground out 4-3 (Groundball, 4, EV 83.8 MPH)
|
| Top of the 4th over - 0 runs, 0 hits, 0 errors, 0 left on base; Columbia 4 - Harrisburg 3 |
| BOTTOM OF THE 4TH |
|
Harrisburg Senators batting - Pitching for Columbia Fireflies : RHP Richard Pye
|
|
Batting: RHB Slavik Nebrodov
|
0-0: Ball 1-0: SINGLE (Flyball, 4MD, EV 90.0 MPH)
|
|
Batting: RHB Donovan Auclair
|
0-0: Ball 1-0: Ball 2-0: Ball 3-0: Called Strike 3-1: Base on Balls Slavik Nebrodov to second
|
|
Batting: SHB Alex Ethridge
|
0-0: Fly out, F6 (Popup, 6M, EV 53.8 MPH)
|
|
Batting: LHB Nate Melendez
|
0-0: Called Strike 0-1: Foul Ball, location: 2F 0-2: Fielders Choice at 2nd, 4-6 (Groundball, 4M, EV 101.9 MPH) Slavik Nebrodov to third
|
|
Batting: RHB Jim Towle
|
0-0: Called Strike 0-1: Foul Ball, location: 2F 0-2: Ball 1-2: Strikes out looking
|
| Bottom of the 4th over - 0 runs, 1 hit, 0 errors, 2 left on base; Columbia 4 - Harrisburg 3 |
| TOP OF THE 5TH |
|
Columbia Fireflies batting - Pitching for Harrisburg Senators : RHP Jason Beck
|
|
Batting: RHB Dan Muse
|
0-0: Ball 1-0: Ball 2-0: Ground out 6-3 (Groundball, 6, EV 108.1 MPH)
|
|
Batting: RHB Frank Shaw
|
0-0: Called Strike 0-1: Swinging Strike 0-2: SINGLE (Groundball, 3D, EV 93.8 MPH)
|
|
Batting: RHB Zhao-ying Joe
|
0-0: Ball 1-0: Ball 2-0: Ball 3-0: Called Strike 3-1: Base on Balls Frank Shaw to second
|
|
Batting: SHB Callum Lynch
|
0-0: SINGLE (Groundball, 34D, EV 104.4 MPH) Frank Shaw to third Zhao-ying Joe to second
|
|
Batting: LHB Bayesa Mundhir
|
0-0: Called Strike 0-1: Swinging Strike 0-2: Strikes out swinging
|
|
Batting: SHB Justin Wallace
|
0-0: Ball 1-0: Swinging Strike 1-1: Ball 2-1: Swinging Strike 2-2: Strikes out swinging
|
| Top of the 5th over - 0 runs, 2 hits, 0 errors, 3 left on base; Columbia 4 - Harrisburg 3 |
| BOTTOM OF THE 5TH |
|
Harrisburg Senators batting - Pitching for Columbia Fireflies : RHP Richard Pye
|
|
Pitching: RHP Battista Aldobrandini
|
|
|
Batting: SHB Dan Castaneda
|
0-0: Called Strike 0-1: Ball 1-1: Ball 2-1: TRIPLE (Flyball, 9LD, EV 101.9 MPH)
|
|
Batting: RHB Pat Drader
|
0-0: SINGLE (Groundball, 34, EV 99.4 MPH) Dan Castaneda scores
|
|
Batting: RHB Hisayuki Akiyama
|
0-0: Ball 1-0: Fielders Choice at 2nd, 6-4 (Groundball, 6, EV 86.9 MPH)
|
|
Batting: LHB Evan Oliveri
|
0-0: Ball Hisayuki Akiyama steals 2nd base (no throw) 1-0: Called Strike 1-1: Ball 2-1: Ball 3-1: Foul Ball, location: 2F 3-2: Strikes out looking
|
|
Batting: RHB Slavik Nebrodov
|
0-0: Swinging Strike 0-1: Ball 1-1: DOUBLE (Line Drive, 89XD, EV 110.0 MPH) Hisayuki Akiyama scores
|
|
Batting: RHB Donovan Auclair
|
0-0: Foul Ball, location: 2F 0-1: Ball 1-1: Foul Ball, location: 2F 1-2: Ball 2-2: Ball 3-2: Strikes out looking
|
| Bottom of the 5th over - 2 runs, 3 hits, 0 errors, 1 left on base; Columbia 4 - Harrisburg 5 |
| TOP OF THE 6TH |
|
Columbia Fireflies batting - Pitching for Harrisburg Senators : RHP Jason Beck
|
|
Batting: LHB Tony Leyba
|
0-0: Ball 1-0: Foul Ball, location: 2F 1-1: Ball 2-1: Foul Ball, location: 2F 2-2: Ball 3-2: Base on Balls
|
|
Batting: RHB Artyom Shavkunov
|
0-0: Swinging Strike 0-1: Ball Balk! Tony Leyba to second 1-1: Ground out U3 (Groundball, 3L, EV 96.9 MPH) Tony Leyba to third
|
|
Batting: RHB Jake Geib
|
0-0: Called Strike 0-1: Ball 1-1: SINGLE (Line Drive, 4D, EV 98.1 MPH) Tony Leyba scores
|
|
Pitching: RHP Gilberto Ricalde
|
|
|
Batting: RHB Dan Muse
|
0-0: Called Strike 0-1: Ball 1-1: Swinging Strike 1-2: Strikes out swinging
|
|
Batting: RHB Frank Shaw
|
0-0: Called Strike 0-1: Ball 1-1: Ball 2-1: Ball 3-1: Called Strike 3-2: Strikes out swinging
|
| Top of the 6th over - 1 run, 1 hit, 0 errors, 1 left on base; Columbia 5 - Harrisburg 5 |
| BOTTOM OF THE 6TH |
|
Harrisburg Senators batting - Pitching for Columbia Fireflies : RHP Battista Aldobrandini
|
|
Batting: SHB Alex Ethridge
|
0-0: Called Strike 0-1: Fly out, F8 (Flyball, 89XD, EV 95.6 MPH)
|
|
Batting: LHB Nate Melendez
|
0-0: Swinging Strike 0-1: Ball 1-1: Foul Ball, location: 2F 1-2: Fly out, F6 (Popup, P, EV 81.9 MPH)
|
|
Batting: RHB Jim Towle
|
0-0: Called Strike 0-1: Called Strike 0-2: Ball 1-2: Strikes out swinging
|
| Bottom of the 6th over - 0 runs, 0 hits, 0 errors, 0 left on base; Columbia 5 - Harrisburg 5 |
| TOP OF THE 7TH |
|
Columbia Fireflies batting - Pitching for Harrisburg Senators : RHP Gilberto Ricalde
|
|
Batting: RHB Zhao-ying Joe
|
0-0: Called Strike 0-1: Swinging Strike 0-2: Ball 1-2: Strikes out looking
|
|
Batting: SHB Callum Lynch
|
0-0: Foul Ball, location: 2F 0-1: Called Strike 0-2: Ball 1-2: Foul Ball, location: 2F 1-2: Strikes out swinging
|
|
Batting: LHB Bayesa Mundhir
|
0-0: Called Strike 0-1: Called Strike 0-2: Foul Ball, location: 2F 0-2: Strikes out swinging
|
| Top of the 7th over - 0 runs, 0 hits, 0 errors, 0 left on base; Columbia 5 - Harrisburg 5 |
| BOTTOM OF THE 7TH |
|
Harrisburg Senators batting - Pitching for Columbia Fireflies : RHP Battista Aldobrandini
|
|
Pitching: LHP Mike Capers
|
|
|
Batting: SHB Dan Castaneda
|
0-0: Ball 1-0: Called Strike 1-1: Foul Ball, location: 2F 1-2: DOUBLE (Groundball, 5L, EV 96.9 MPH)
|
|
Batting: RHB Pat Drader
|
0-0: Ball 1-0: DOUBLE (Line Drive, 89M, EV 91.9 MPH) Dan Castaneda scores
|
|
Batting: RHB Hisayuki Akiyama
|
0-0: Ground out 5-3 (Groundball, 5, EV 83.1 MPH)
|
|
Batting: LHB Evan Oliveri
|
0-0: DOUBLE (Flyball, 9LD, EV 101.2 MPH) Pat Drader scores
|
|
Batting: RHB Slavik Nebrodov
|
0-0: Called Strike 0-1: Ball 1-1: Ball 2-1: Called Strike 2-2: SINGLE (Line Drive, 4MD, EV 97.5 MPH) Evan Oliveri to third
|
|
Batting: RHB Donovan Auclair
|
0-0: Foul Ball, location: 2F 0-1: Ball 1-1: Ball 2-1: Foul Ball, location: 2F 2-2: Foul Ball, location: 2F 2-2: SINGLE (Line Drive, 78S, EV 92.5 MPH) Evan Oliveri scores Slavik Nebrodov to second
|
|
Pitching: RHP Justin Overlie
|
|
|
Batting: SHB Alex Ethridge
|
0-0: Called Strike 0-1: Ball 1-1: Foul Ball, location: 2F 1-2: SINGLE (Groundball, 4D, EV 107.5 MPH) Slavik Nebrodov to third Donovan Auclair to second Runner from 3rd tries for Home, SAFE, throw by CF to home Donovan Auclair to third Alex Ethridge to second
|
|
Batting: LHB Nate Melendez
|
0-0: Ball 1-0: Ball 2-0: Called Strike 2-1: Foul Ball, location: 2F 2-2: SINGLE (Line Drive, 4D, EV 96.2 MPH) Donovan Auclair scores Alex Ethridge to third
|
|
Batting: RHB Jim Towle
|
0-0: Called Strike 0-1: Ball 1-1: Called Strike 1-2: Ball 2-2: Foul Ball, location: 2F 2-2: Ball 3-2: Base on Balls Nate Melendez to second
|
|
Batting: SHB Dan Castaneda
|
0-0: Ball 1-0: Foul Ball, location: 2F 1-1: Fielders Choice at 2nd, 3-6 (Groundball, 3, EV 93.8 MPH) Alex Ethridge scores Nate Melendez to third
|
|
Batting: RHB Pat Drader
|
0-0: Called Strike 0-1: Foul Ball, location: 2F 0-2: Ball 1-2: Strikes out swinging
|
| Bottom of the 7th over - 6 runs, 7 hits, 0 errors, 2 left on base; Columbia 5 - Harrisburg 11 |
| TOP OF THE 8TH |
|
Columbia Fireflies batting - Pitching for Harrisburg Senators : RHP Gilberto Ricalde
|
|
Batting: SHB Justin Wallace
|
0-0: Called Strike 0-1: Swinging Strike 0-2: Ball 1-2: Strikes out swinging
|
|
Batting: LHB Tony Leyba
|
0-0: Called Strike 0-1: Ball 1-1: Swinging Strike 1-2: Strikes out swinging
|
|
Batting: RHB Artyom Shavkunov
|
0-0: SINGLE (Groundball, 56D, EV 97.5 MPH)
|
|
Batting: RHB Jake Geib
|
0-0: Foul Ball, location: 2F 0-1: Called Strike 0-2: Ball 1-2: Ball 2-2: Foul Ball, location: 2F 2-2: Ball 3-2: Foul Ball, location: 2F 3-2: Strikes out looking
|
| Top of the 8th over - 0 runs, 1 hit, 0 errors, 1 left on base; Columbia 5 - Harrisburg 11 |
| BOTTOM OF THE 8TH |
|
Harrisburg Senators batting - Pitching for Columbia Fireflies : RHP Justin Overlie
|
|
Batting: RHB Hisayuki Akiyama
|
0-0: Foul Ball, location: 2F 0-1: Foul Ball, location: 2F 0-2: Foul Ball, location: 2F 0-2: Fly out, F8 (Flyball, 8LXD, EV 103.1 MPH)
|
|
Batting: LHB Evan Oliveri
|
0-0: Called Strike 0-1: Foul Ball, location: 2F 0-2: Strikes out looking
|
|
Batting: RHB Slavik Nebrodov
|
0-0: Ball 1-0: Fly out, F8 (Flyball, 8RD, EV 88.1 MPH)
|
| Bottom of the 8th over - 0 runs, 0 hits, 0 errors, 0 left on base; Columbia 5 - Harrisburg 11 |
| TOP OF THE 9TH |
|
Columbia Fireflies batting - Pitching for Harrisburg Senators : RHP Gilberto Ricalde
|
|
Pitching: RHP Chris Close
|
|
|
Batting: RHB Dan Muse
|
0-0: Called Strike 0-1: Ball 1-1: Fly out, F8 (Flyball, 8LM, EV 81.9 MPH)
|
|
Batting: RHB Frank Shaw
|
0-0: Ball 1-0: Ball 2-0: Ball 3-0: Called Strike 3-1: Foul Ball, location: 2F 3-2: Foul Ball, location: 2F 3-2: Fly out, F7 (Flyball, 78M, EV 91.9 MPH)
|
|
Batting: RHB Zhao-ying Joe
|
0-0: Ball 1-0: Ball 2-0: Swinging Strike 2-1: Ball 3-1: Called Strike 3-2: Foul Ball, location: 2F 3-2: Strikes out swinging
|
| Top of the 9th over - 0 runs, 0 hits, 0 errors, 0 left on base; Columbia 5 - Harrisburg 11 |
|